 Dungeon Crawl Stone Soup version 0.21-a0-633-g4c047d5 (webtiles) character file.

91 Megalobster the Chopper (level 4, -5/40 HPs)
             Began as a Minotaur Monk on Dec 28, 2017.
             Slain by a hippogriff (8 damage)
             ... on level 3 of the Dungeon.
             The game lasted 00:04:01 (2044 turns).

Megalobster the Chopper (Minotaur Monk)             Turns: 2044, Time: 00:04:02

Health: -5/40      AC:  3    Str: 16    XL:     4   Next: 34%
Magic:  3/3        EV: 13    Int:  9    God:
Gold:   79         SH:  0    Dex: 13    Spells: 3/3 levels left

rFire    . . .     SeeInvis .   a - +0 hand axe
rCold    . . .     Gourm    .   (no shield)
rNeg     . . .     Faith    .   f - +0 leather armour
rPois    .         Spirit   .   u - +0 hat
rElec    .         Reflect  .   (no cloak)
rCorr    .         Harm     .   (no gloves)
MR       .....                  (no boots)
Stlth    ++........             (no amulet)
HPRegen  0.13/turn              p - +2 ring of intelligence
MPRegen  0.08/turn              (no ring)

@: no status effects
A: retaliatory headbutt, horns 2
a: no special abilities


You were on level 3 of the Dungeon.
You were hungry.

You visited 1 branch of the dungeon, and saw 3 of its levels.

You collected 79 gold pieces.

Inventory:

Hand Weapons
 a - a +0 hand axe (weapon)
Missiles
 n - 122 stones (quivered)
 s - 3 tomahawks
Armour
 b - a +0 robe
 e - a +0 ring mail
 f - a +0 leather armour (worn)
 u - a +0 hat (worn)
Jewellery
 p - a +2 ring of intelligence (left hand)
Scrolls
 h - a scroll of immolation {unknown}
 j - a scroll of remove curse {unknown}
 k - a scroll of enchant armour {unknown}
 l - 2 scrolls of identify {unknown}
 o - a scroll of teleportation {unknown}
 q - 2 scrolls of amnesia {unknown}
 r - a scroll of enchant weapon {unknown}
Potions
 d - 2 potions of heal wounds
 g - a potion of flight {unknown}
 i - 2 potions of resistance {unknown}
 m - a potion of curing {unknown}
Comestibles
 c - 5 rations


   Skills:
 + Level 4.1 Fighting
 * Level 4.7 Axes
 * Level 2.5 Armour
 + Level 3.8 Dodging
 - Level 1.5 Stealth


You had 3 spell levels left.
You didn't know any spells.

Dungeon Overview and Level Annotations

Branches:
Dungeon (3/15)

Altars:
Nemelex Xobeh
Uskayaw
Zin


Innate Abilities, Weirdness & Mutations

You reflexively headbutt those who attack you in melee.
You have a pair of horns on your head.


Message History

The hippogriff claws you but does no damage.
You slash the hippogriff!
The hippogriff is heavily wounded.
The hippogriff bites you but does no damage.
The hippogriff pecks you. The hippogriff misses you.
You slash the hippogriff! Your headbutt misses the hippogriff.
The hippogriff is severely wounded.
The hippogriff bites you. The hippogriff completely misses you.
The hippogriff claws you but does no damage.
You hit the hippogriff but do no damage.
You headbutt the hippogriff!
The hippogriff is almost dead.
The hippogriff bites you!
* * * LOW HITPOINT WARNING * * *
The hippogriff pecks you.
* * * LOW HITPOINT WARNING * * *
The hippogriff claws you.
* * * LOW HITPOINT WARNING * * *
The hippogriff barely misses you. The hippogriff pecks you!
You die...

#..#..............##......
..#.#.#.#####.#....#.# .
..............#....'.#
....#.####.######....## ..
#..........##.....#
#.#..###$###.##.....+
#...................#
#.#......#.........###
##.@...#.#.#........
#H###.........##### ...
...#.#..........
..##.........#...##+## ##
#.###.#...........# #.
#.............# #.
####.#)#.....# #.
#.#)#.....# #.#)##....#


You could see a hippogriff.

Vanquished Creatures
  2 adders (D:3)
  An ooze (D:2)
  An adder skeleton (D:2)
  A worm (D:2)
  3 dart slugs
  3 leopard geckos
  4 orcs (D:3)
  8 goblins
  6 hobgoblins
  4 bats
  3 frilled lizards
  7 kobolds
  8 rats
51 creatures vanquished.

Notes
Turn   | Place    | Note
-------+----------+-------------------------------------------
     0 | D:1      | Megalobster the Minotaur Monk began the quest for the Orb.
     0 | D:1      | Reached XP level 1. HP: 19/19 MP: 0/0
   116 | D:1      | Reached skill level 1 in Armour
   131 | D:1      | Reached XP level 2. HP: 27/27 MP: 1/1
   833 | D:2      | Reached XP level 3. HP: 28/33 MP: 2/2
   923 | D:2      | Noticed a dagger
   924 | D:2      | Noticed a dagger
   927 | D:2      | Found a hide-covered altar of Uskayaw.
  1133 | D:2      | Found a glowing silver altar of Zin.
  1658 | D:3      | Reached XP level 4. HP: 32/40 MP: 3/3
  1721 | D:3      | Noticed a hippogriff
  1754 | D:3      | Found a sparkling altar of Nemelex Xobeh.
  2044 | D:3      | Slain by a hippogriff

Vault maps used:
D:1:      mushboom_english_gardens, minmay_misc_feat_doors,
          roderic_roman_lattice, minmay_tetromino_s2
D:2:      zin_statuary, dancing_weapons_uskayaw
D:3:      marbit_many_paths

Skill      XL: |  1  2  3 |
---------------+----------+-----
Armour         | 1 2 |  2.5
Axes           | 4 |  4.7
Fighting       | 4 |  4.1
Dodging        | |  3.8
Stealth        | |  1.5

Action                   |  1- 3 |  4- 6 || total
-------------------------+-------+-------++-------
Melee: Hand axe          |    88 |    22 ||   110
       Headbutt          |    17 |     3 ||    20
  Use: Potion            |     1 |       ||     1
 Stab: Sleeping          |     3 |     1 ||     4
  Eat: Chunk             |     2 |     1 ||     3
Armor: Leather armour    |     6 |     8 ||    14
       Robe              |     2 |       ||     2
Dodge: Dodged            |    56 |    25 ||    81

Table legend:
 A = Spawn XP
 B = Non-spawn XP
 C = Spawn XP percentage of total XP
 D = Spawn monster count
 E = Non-spawn monster count
 F = Spawn count percentage of total count
 G = Total turns spent on level
                    A         B        C        D         E        F      G
               +---------+---------+-------+---------+---------+-------+---------
         Total |       0 |     131 |   0.0 |       0 |      51 |   0.0 |  2044
               +---------+---------+-------+---------+---------+-------+---------
           D:1 |       0 |      32 |   0.0 |       0 |      15 |   0.0 |   757
           D:2 |       0 |      46 |   0.0 |       0 |      21 |   0.0 |   856
           D:3 |       0 |      53 |   0.0 |       0 |      15 |   0.0 |   431
               +---------+---------+-------+---------+---------+-------+---------
